 Dungeon Crawl Stone Soup version 0.24.1-14-gf8d2b509d9 (webtiles) character file.

Game seed: 10834875122333294508, levelgen mode: deterministic

32 Descartes the Grasshopper (level 3, -2/16 HPs)
             Began as a Felid Warper on May 20, 2020.
             Slain by a worm (10 damage)
             ... on level 2 of the Dungeon.
             The game lasted 00:02:36 (1749 turns).

Descartes the Grasshopper (Felid Warper)            Turns: 1749, Time: 00:02:37

Health: -2/16      AC:  1    Str:  7    XL:     3   Next: 8%
Magic:  2/7        EV: 18    Int: 14    God:
Gold:   31         SH:  0    Dex: 16    Spells: 2/6 levels left
                                        Lives:  0   Deaths: 0

rFire    . . .     SeeInvis +     - Unarmed
rCold    . . .     Gourm    .   (shield unavailable)
rNeg     . . .     Faith    .   (armour unavailable)
rPois    .         Spirit   .   (helmet unavailable)
rElec    .         Reflect  .   (cloak unavailable)
rCorr    .         Harm     .   (gloves unavailable)
MR       .....                  (boots unavailable)
Stlth    +++.......             (no amulet)
HPRegen  0.05/turn              (no ring)
MPRegen  0.10/turn              (no ring)

@: quick
A: very small, no armour, no weapons or thrown items, stealth, claws 1, fangs 3,
see invisible, carnivore, speed 1, shaggy fur 1, slow metabolism 1, sharp paws
a: no special abilities


You were on level 2 of the Dungeon.
You were very full.

You visited 1 branch of the dungeon, and saw 2 of its levels.

You collected 31 gold pieces.

Inventory:

Missiles
 d - 63 stones
 e - 21 arrows
Jewellery
 p - an uncursed amulet of rage {unknown}
Scrolls
 a - 2 scrolls of teleportation {unknown}
 b - a scroll of blinking
 g - a scroll of enchant armour {unknown}
 j - a scroll of amnesia {unknown}
 k - a scroll of identify {unknown}
 l - a scroll of random uselessness {unknown}
Potions
 f - a potion of haste {unknown}
 h - a potion of curing {unknown}
 i - a potion of flight {unknown}
 m - a potion of degeneration {unknown}
 o - a potion of magic {unknown}
Comestibles
 c - 2 rations


   Skills:
 - Level 2.0 Fighting
 - Level 3.2 Dodging
 + Level 4.1 Stealth
 - Level 2.0 Unarmed Combat
 - Level 2.0 Spellcasting
 - Level 4.4 Translocations


You had 2 spell levels left.
You knew the following spells:

 Your Spells              Type           Power        Failure   Level  Hunger
a - Blink                 Tloc           N/A          6%          2    ###....
b - Shroud of Golubria    Chrm/Tloc      #.....       14%         2    ###....

Your spell library contained the following spells:

 Spells                   Type           Power        Failure   Level  Hunger
 Gell's Gravitas          Tloc           ##........   12%         3    ####...
 Lesser Beckoning         Tloc           ##........   12%         3    ####...
 Teleport Other           Tloc           ##......     12%         3    ####...
 Passage of Golubria      Tloc           N/A          36%         4    #####..


Dungeon Overview and Level Annotations

Branches:
Dungeon (2/15)

Altars:

Annotations:
D:1 Terence


Innate Abilities, Weirdness & Mutations

You cannot wear armour.
You are incapable of wielding weapons or throwing items.
Your paws allow you to move quietly. (Stealth)
You have sharp claws.
You have razor-sharp teeth.
You have supernaturally acute eyesight. (SInv)
You are carnivorous and can eat meat at any time.
You cover ground quickly.
You are covered in fur. (AC +1)
You have a slow metabolism.
Your sharp claws are effective at attacking unaware monsters.


Message History

You scratch the worm but do no damage.
The worm is moderately wounded.
Your shroud bends the worm's attack away.
You scratch the worm.
The worm is heavily wounded.
You completely miss the worm. You bite the worm, but do no damage.
The worm is heavily wounded.
Your shroud bends the worm's attack away.
You scratch the worm but do no damage.
The worm is heavily wounded.
You scratch the worm.
The worm is severely wounded.
The worm barely misses you.
You scratch the worm.
The worm is severely wounded.
You scratch the worm.
The worm is almost dead.
The worm bites you!
Ouch! That really hurt!
You die...

## .. ###. #.. #####
#.# ......###.##
......)..<.########.#
#########......w@...#
#.รท$..#######
#####.# #.# #.# #..
###


You could see a worm.

Vanquished Creatures
  An adder (D:2)
  A dart slug (D:1)
  A bat (D:1)
  A goblin (D:2)
  3 hobgoblins (D:1)
  2 jackals (D:1)
  6 kobolds
  A ball python (D:1)
  2 frilled lizards
  3 rats
21 creatures vanquished.

Notes
Turn   | Place    | Note
-------+----------+-------------------------------------------
     0 | D:1      | Descartes the Felid Warper began the quest for the Orb.
     0 | D:1      | Reached XP level 1. HP: 9/9 MP: 4/4
    38 | D:1      | Reached skill level 1 in Stealth
   278 | D:1      | Reached XP level 2. HP: 9/13 MP: 6/6
  1646 | D:2      | Noticed Terence
  1674 | D:2      | Learned a level 2 spell: Blink
  1677 | D:2      | Learned a level 2 spell: Shroud of Golubria
  1729 | D:2      | Reached XP level 3. HP: 15/16 MP: 4/7
  1749 | D:2      | Slain by a worm

Levels and vault maps discovered:
D:1:      mrwooster_arrival_arrow, layout_rooms
D:2:      layout_loops_ring, gammafunk_temple_overflow_wave, uniq_terence

Skill      XL: |  1  2 |
---------------+-------+-----
Stealth        | 2 4 |  4.1
Fighting       | |  2.0
Dodging        | |  3.2
Unarmed Combat | |  2.0
Spellcasting   | |  2.0
Translocations | |  4.4

Action                   || total
-------------------------++-------
Melee: Unarmed           ||   114
       Bite              ||    10
 Cast: Shroud of Golubri ||     4
 Stab: Sleeping          ||     2
  Eat: Chunk             ||     8
Armor: Skin              ||     5
Dodge: Dodged            ||    78
